AoeStats
← StaLker

Arabia

509580723Analyzed
1v1 RM · 6d ago on Sep 27, 2026· 45m 17s· 2 players
Game mode
Random Map
Map size
Tiny (2 player)
Population
200
Speed
Normal
Resources
Standard
Victory
Conquest
Starting age
Dark Age
Ending age
Imperial Age
RankedLock teamsTeams togetherTeam positionsShared explorationLock speedFull tech treeHidden civsTurbo modeCheats
Victory
Defeat
🇨🇳 Dravidians · China
774
+17
🇹🇷 Hindustanis · Türkiye
787
-32
无名之辈2
12:22 Feudal Age
16:24 Castle Age
15:57 Double-Bit Axe
17:55 Husbandry
22:14 Scale Barding Armor
25:24 Gold Mining
29:23 Horse Collar
34:41 Imperial Age
36:00 Bow Saw
35:54 Heavy Plow
36:39 Wheelbarrow
36:08 Pikeman
37:21 Halberdier
41:47 Forging
StaLker
10:26 Feudal Age
10:55 Loom
18:34 Man-at-Arms
19:27 Double-Bit Axe
22:12 Castle Age
25:09 Gold Mining
25:10 Stone Mining
25:56 Horse Collar
33:44 Forging
33:35 Scale Mail Armor
37:02 Scale Barding Armor
37:42 Stone Shaft Mining
37:43 Gold Shaft Mining
37:25 Bow Saw
37:17 Heavy Plow
45:09 Imperial Age
43:16 Wheelbarrow
Connection lost

Rejoining the realm…

Still unreachable

The connection could not be restored.

Session expired

The server has moved on; the page needs a fresh start.